[Event "Cup of July"]
[Site "?"]
[Date "2020.07.12"]
[Round "1"]
[White "Larisa12"]
[Black "Adisa_zkm07"]
[Result "1-0"]
[ECO "D15"]
[WhiteElo "2021"]
[BlackElo "1666"]
[PlyCount "87"]
[EventDate "2020.??.??"]
[EventRounds "1"]
[TimeControl "300"]

1. d4 d5 2. c4 c6 3. Nc3 Nf6 4. Nf3 Bg4 5. Ne5 Bf5 6. Qb3 Qc7 7. cxd5 cxd5 8.
Nxd5 Nxd5 9. Qxd5 e6 10. Qb5+ Nc6 11. Bf4 Bb4+ 12. Kd1 Bd6 13. Rc1 a6 14. Qc4
Rc8 15. Nxc6 bxc6 16. Bxd6 Qxd6 17. e3 a5 18. Bd3 Bxd3 19. Qxd3 c5 20. Qb5+ Ke7
21. Rxc5 a4 22. Qb7+ Kf6 23. Rxc8 Rxc8 24. Qxc8 h6 25. Qc3 Kg6 26. Kd2 Qd5 27.
Qd3+ Kf6 28. e4 Qxa2 29. e5+ Kg5 30. Qa3 Qd5 31. Qg3+ Kf5 32. Qf3+ Qxf3 33.
gxf3 Kf4 34. Ra1 Kxf3 35. Rxa4 Kxf2 36. b4 g5 37. b5 g4 38. b6 Kg2 39. b7 Kxh2
40. b8=Q g3 41. Ra1 g2 42. Qg8 h5 43. Qg5 h4 44. Qxh4# {Normal} 1-0

[Event "Cup of July"]
[Site "?"]
[Date "2020.07.12"]
[Round "1"]
[White "Adisa_zkm07"]
[Black "Larisa12"]
[Result "0-1"]
[ECO "B10"]
[WhiteElo "1668"]
[BlackElo "2020"]
[PlyCount "68"]
[EventDate "2020.??.??"]
[EventRounds "1"]
[TimeControl "300"]

1. e4 c6 2. Nc3 d5 3. e5 c5 4. d3 Nc6 5. Bf4 h6 6. Nf3 g5 7. Bg3 Bg7 8. Be2 g4
9. Nh4 Nxe5 10. Nf5 Bxf5 11. Bxe5 Bxe5 12. Bxg4 Bxg4 13. Qxg4 Nf6 14. Qf5 Bxc3+
15. bxc3 Qd7 16. Qxd7+ Kxd7 17. Kd2 Kc7 18. Rhe1 Rae8 19. Rab1 e5 20. f3 Rhg8
21. Re2 e4 22. fxe4 dxe4 23. g3 exd3 24. cxd3 Rxe2+ 25. Kxe2 Re8+ 26. Kd2 Nd5
27. Rf1 Re7 28. Rf5 Kd6 29. c4 Nb4 30. a3 Nc6 31. Rf6+ Kc7 32. Rxh6 Nd4 33. Rh7
Re2+ 34. Kc3 Rc2# {Normal} 0-1

[Event "Cup of July"]
[Site "?"]
[Date "2020.07.12"]
[Round "1"]
[White "Larisa12"]
[Black "Adisa_zkm07"]
[Result "1-0"]
[ECO "D11"]
[WhiteElo "2019"]
[BlackElo "1670"]
[PlyCount "51"]
[EventDate "2020.??.??"]
[EventRounds "1"]
[TimeControl "300"]

1. d4 d5 2. c4 c6 3. Nf3 Nf6 4. g3 Bf5 5. Bg2 e6 6. Qb3 Qc7 7. Bf4 Bd6 8. Bxd6
Qxd6 9. Qxb7 O-O 10. Qxa8 Qb4+ 11. Nbd2 Qxb2 12. O-O Nbd7 13. Qxc6 dxc4 14.
Nxc4 Qxe2 15. Rfe1 Qc2 16. Nce5 Qxc6 17. Nxc6 a6 18. Ne7+ Kh8 19. Nxf5 exf5 20.
Re7 Nb6 21. Ne5 Kg8 22. Rc1 h6 23. Rb7 Nbd5 24. Bxd5 Nxd5 25. Rc5 Nf6 26. Rcc7
{Normal} 1-0

[Event "Cup of July"]
[Site "?"]
[Date "2020.07.12"]
[Round "1"]
[White "Adisa_zkm07"]
[Black "Larisa12"]
[Result "1-0"]
[ECO "B10"]
[WhiteElo "1656"]
[BlackElo "2029"]
[PlyCount "79"]
[EventDate "2020.??.??"]
[EventRounds "1"]
[TimeControl "300"]

1. e4 c6 2. Nc3 d5 3. e5 c5 4. d3 Nc6 5. Bf4 h6 6. Nf3 Bg4 7. h3 Bh5 8. Be2 d4
9. Ne4 Qb6 10. Qc1 Bg6 11. Nfd2 Bxe4 12. Nxe4 e6 13. Nd6+ Bxd6 14. exd6 e5 15.
Bg3 O-O-O 16. Bg4+ Kb8 17. d7 Nf6 18. Bf3 Nxd7 19. Bxc6 Qxc6 20. O-O f5 21. f4
e4 22. dxe4 fxe4 23. f5+ Ka8 24. c3 d3 25. Qd2 Rhf8 26. Rad1 Nf6 27. Bf4 Nd5
28. Be3 Nxe3 29. Qxe3 Rd5 30. Qxe4 Rdxf5 31. Qxc6 Rxf1+ 32. Rxf1 Rxf1+ 33. Kxf1
bxc6 34. Ke1 c4 35. Kd2 Kb7 36. b3 cxb3 37. axb3 Kb6 38. Kxd3 Kc5 39. b4+ Kd5
40. c4+ {Normal} 1-0

[Event "Cup of July"]
[Site "?"]
[Date "2020.07.12"]
[Round "1"]
[White "Jargal03"]
[Black "Munko212"]
[Result "0-1"]
[ECO "A00"]
[WhiteElo "1336"]
[BlackElo "1717"]
[PlyCount "54"]
[EventDate "2020.??.??"]
[EventRounds "1"]
[TimeControl "120+1"]

1. e3 d6 2. d4 Nf6 3. c3 h6 4. Bd3 g6 5. Bd2 Bg7 6. Ke2 O-O 7. Nf3 c6 8. Re1 d5
9. Kf1 Bg4 10. Kg1 Ne4 11. h3 Nxd2 12. Nbxd2 Bd7 13. Qe2 f5 14. Rad1 b6 15. a3
c5 16. Ne5 g5 17. Ng6 Rf6 18. Ne5 Rd6 19. Qh5 Bxe5 20. dxe5 Rc6 21. Nf3 Kg7 22.
g4 Be8 23. Nxg5 Bxh5 24. Ne6+ Rxe6 25. Kh2 Rxe5 26. Kg1 fxg4 27. Kh1 gxh3 {
Time forfeit} 0-1

[Event "Cup of July"]
[Site "?"]
[Date "2020.07.12"]
[Round "1"]
[White "Munko212"]
[Black "Jargal03"]
[Result "1-0"]
[ECO "D20"]
[WhiteElo "1716"]
[BlackElo "1337"]
[PlyCount "109"]
[EventDate "2020.??.??"]
[EventRounds "1"]
[TimeControl "120+1"]

1. d4 d5 2. c4 dxc4 3. e3 Nf6 4. Bxc4 Nc6 5. Nc3 e6 6. Nf3 Bd6 7. O-O Bd7 8. b3
O-O 9. Bb2 a6 10. Bd3 Qe7 11. Bc2 e5 12. dxe5 Nxe5 13. Nxe5 Qxe5 14. g3 Qe6 15.
Ne2 Qh3 16. Bxf6 gxf6 17. Be4 f5 18. Bg2 Qg4 19. Bxb7 Rab8 20. Bg2 Kh8 21. Qd4+
f6 22. Qxg4 fxg4 23. Rfd1 Rf7 24. Rac1 Rbf8 25. Bd5 Re7 26. Nf4 Bxf4 27. exf4
Be6 28. Bxe6 Rxe6 29. Rxc7 Rfe8 30. Rdd7 Re1+ 31. Kg2 h6 32. Rh7+ Kg8 33. Rcg7+
Kf8 34. Ra7 R1e7 35. Rh8+ Kf7 36. Rxe7+ Rxe7 37. Rh7+ Ke8 38. Rxh6 Rf7 39. Rh8+
Ke7 40. Rg8 Ke6 41. Rxg4 Rc7 42. h4 Rc2 43. a4 Rc3 44. f5+ Kf7 45. Rb4 Rc7 46.
Rb6 Ra7 47. h5 Rd7 48. g4 Rd8 49. f3 Rd2+ 50. Kg3 Rd1 51. Kf4 Rg1 52. h6 Re1
53. g5 Rh1 54. g6+ Kg8 55. Rb8# {Normal} 1-0

[Event "Cup of July"]
[Site "?"]
[Date "2020.07.12"]
[Round "1"]
[White "Jargal03"]
[Black "Munko212"]
[Result "0-1"]
[ECO "B13"]
[WhiteElo "1521"]
[BlackElo "1843"]
[PlyCount "58"]
[EventDate "2020.??.??"]
[EventRounds "1"]
[TimeControl "180+2"]

1. e4 c6 2. d4 d5 3. exd5 cxd5 4. Nc3 Nf6 5. Bb5+ Nc6 6. Nf3 a6 7. Bxc6+ bxc6
8. Ne5 Qc7 9. Bf4 Qb7 10. b3 Bf5 11. O-O e6 12. Qd2 Be7 13. Ne2 O-O 14. Ng3 Bg6
15. Nxg6 hxg6 16. Be5 Rac8 17. Bxf6 Bxf6 18. f4 c5 19. dxc5 Bxa1 20. Rxa1 Rxc5
21. f5 Qb6 22. Qg5 Rxc2+ 23. Kh1 Qf2 24. Rg1 gxf5 25. Nh5 Qd4 26. Qg3 Rfc8 27.
h3 Rc1 28. Rxc1 Rxc1+ 29. Kh2 Qg1# {Normal} 0-1

[Event "Cup of July"]
[Site "?"]
[Date "2020.07.12"]
[Round "1"]
[White "Munko212"]
[Black "Jargal03"]
[Result "1-0"]
[ECO "D20"]
[WhiteElo "1841"]
[BlackElo "1522"]
[PlyCount "53"]
[EventDate "2020.??.??"]
[EventRounds "1"]
[TimeControl "180+2"]

1. d4 d5 2. c4 dxc4 3. e3 e5 4. Bxc4 exd4 5. exd4 Bb4+ 6. Bd2 Qe7+ 7. Ne2 Bxd2+
8. Qxd2 Nf6 9. O-O O-O 10. Re1 Qd6 11. Nbc3 Ng4 12. Ng3 b5 13. Bd3 b4 14. Nce4
Qc6 15. Ng5 Bb7 16. f3 Nf6 17. N3e4 Nxe4 18. Bxe4 Qf6 19. Bxb7 Nd7 20. Bxa8 Nb6
21. Be4 Nc4 22. Qc2 Qxd4+ 23. Kh1 Ne3 24. Bxh7+ Kh8 25. Qb3 Qd2 26. Qxe3 Qxe3
27. Rxe3 {Time forfeit} 1-0

[Event "Cup of July"]
[Site "?"]
[Date "2020.07.12"]
[Round "1"]
[White "Jargal03"]
[Black "Munko212"]
[Result "0-1"]
[ECO "B12"]
[WhiteElo "1524"]
[BlackElo "1840"]
[PlyCount "38"]
[EventDate "2020.??.??"]
[EventRounds "1"]
[TimeControl "180+2"]

1. e4 c6 2. d4 d5 3. e5 c5 4. Bb5+ Nc6 5. Bxc6+ bxc6 6. dxc5 Qa5+ 7. Bd2 Qxc5
8. Be3 Qb4+ 9. c3 Qxb2 10. Nd2 Qxc3 11. Rc1 Qxe5 12. Rxc6 d4 13. Ndf3 Qd5 14.
Nxd4 Qxg2 15. Qa4 Bd7 16. Nb5 Qxc6 17. Nc7+ Qxc7 18. Qe4 Bc6 19. Qxc6+ Qxc6 {
Normal} 0-1

[Event "Cup of July"]
[Site "?"]
[Date "2020.07.12"]
[Round "1"]
[White "Munko212"]
[Black "Jargal03"]
[Result "1-0"]
[ECO "D08"]
[WhiteElo "1838"]
[BlackElo "1525"]
[PlyCount "103"]
[EventDate "2020.??.??"]
[EventRounds "1"]
[TimeControl "180+2"]

1. d4 d5 2. c4 e5 3. e3 exd4 4. Qxd4 dxc4 5. Qxd8+ Kxd8 6. Bxc4 Bb4+ 7. Bd2
Bxd2+ 8. Nxd2 Nc6 9. Bxf7 Nf6 10. O-O-O Rf8 11. Ne4+ Bd7 12. Nxf6 gxf6 13. Be6
Ne5 14. f4 Re8 15. fxe5 Rxe6 16. exf6 Rxf6 17. Nf3 Rc6+ 18. Kb1 Ke8 19. Ne5
Bf5+ 20. Ka1 Rd8 21. Rxd8+ Kxd8 22. Nxc6+ bxc6 23. Rf1 Bd7 24. Rf8+ Be8 25. Rh8
Kd7 26. Rxh7+ Kd6 27. Kb1 c5 28. Rh6+ Kd7 29. Kc2 c6 30. Rh7+ Kd6 31. Rxa7 Bg6+
32. Kc3 Be4 33. g3 Kd5 34. Rd7+ Ke6 35. Rg7 Kd5 36. h4 c4 37. h5 Ke6 38. h6 Kd5
39. h7 Bxh7 40. Rxh7 Ke4 41. Rf7 Kxe3 42. g4 Ke4 43. g5 Ke5 44. g6 Ke6 45. Rf1
Ke7 46. g7 c5 47. g8=Q Kd6 48. Re1 Kc6 49. Qd8 Kb5 50. Re6 Ka4 51. Ra6+ Kb5 52.
Qb6# {Normal} 1-0

[Event "Cup of July"]
[Site "?"]
[Date "2020.07.12"]
[Round "1"]
[White "Jargal03"]
[Black "Munko212"]
[Result "0-1"]
[ECO "A00"]
[WhiteElo "1527"]
[BlackElo "1836"]
[PlyCount "78"]
[EventDate "2020.??.??"]
[EventRounds "1"]
[TimeControl "300"]

1. e3 c6 2. e4 d5 3. exd5 cxd5 4. d4 Nf6 5. Nc3 Nc6 6. Nf3 Bf5 7. Bg5 e6 8. Ne5
Be7 9. Nxc6 bxc6 10. Bxf6 Bxf6 11. Be2 Qb6 12. O-O Qxb2 13. Qd2 Qxc2 14. Qxc2
Bxc2 15. Rfc1 Bg6 16. Rd1 O-O 17. Bf3 Rab8 18. Ne2 Rb2 19. Nf4 Rfb8 20. Nxg6
hxg6 21. Be2 Rxe2 22. Rab1 Rxb1 23. Rxb1 Bxd4 24. Rb8+ Kh7 25. Rb1 Rxf2 26. Kh1
Rxa2 27. Rf1 Ra1 28. Rxa1 Bxa1 29. g3 a5 30. Kg2 a4 31. Kf2 a3 32. Ke2 a2 33.
Kd2 Bd4 34. Kc2 a1=Q 35. Kd2 Qc3+ 36. Ke2 Qe3+ 37. Kd1 Qf2 38. Kc1 Bc3 39. Kb1
Qb2# {Normal} 0-1

[Event "Cup of July"]
[Site "?"]
[Date "2020.07.12"]
[Round "1"]
[White "Jargal03"]
[Black "Munko212"]
[Result "0-1"]
[ECO "B12"]
[WhiteElo "1529"]
[BlackElo "1834"]
[PlyCount "50"]
[EventDate "2020.??.??"]
[EventRounds "1"]
[TimeControl "300"]

1. e4 c6 2. d4 d5 3. e5 c5 4. c4 dxc4 5. Bxc4 cxd4 6. Nf3 Nc6 7. Ng5 e6 8. Qf3
Qc7 9. Bb5 Nh6 10. Bxc6+ bxc6 11. Ne4 Nf5 12. Nd6+ Nxd6 13. exd6 Bxd6 14. O-O
Bxh2+ 15. Kh1 Bd6 16. g3 Bb7 17. Bf4 c5 18. Bxd6 Bxf3+ 19. Kg1 Qxd6 20. Nd2 Bc6
21. f3 h5 22. Ne4 Bxe4 23. fxe4 Qxg3+ 24. Kh1 h4 25. Rg1 Qh3# {Normal} 0-1

[Event "Cup of July"]
[Site "?"]
[Date "2020.07.12"]
[Round "1"]
[White "Munko212"]
[Black "Jargal03"]
[Result "1/2-1/2"]
[ECO "D20"]
[WhiteElo "1843"]
[BlackElo "1520"]
[PlyCount "84"]
[EventDate "2020.??.??"]
[EventRounds "1"]
[TimeControl "300"]

1. d4 d5 2. c4 dxc4 3. e3 e5 4. dxe5 Qxd1+ 5. Kxd1 Bg4+ 6. f3 Be6 7. Nc3 f6 8.
exf6 Nxf6 9. Nge2 Bb4 10. Kc2 O-O 11. Nd4 Bf7 12. a3 Bxc3 13. Kxc3 c5 14. Nb5
Nc6 15. Bxc4 Bxc4 16. Kxc4 Na5+ 17. Kd3 Nb3 18. Rb1 Rad8+ 19. Kc2 Na5 20. Bd2
Nc4 21. Rhd1 Nd5 22. e4 Nde3+ 23. Kc3 Nxd1+ 24. Rxd1 Nxd2 25. Rxd2 Rxd2 26.
Kxd2 a6 27. Nc3 Rd8+ 28. Kc2 b5 29. Nd5 Rd6 30. Kc3 Kf8 31. Nf4 Rh6 32. h3 g5
33. Nd5 Rd6 34. Kc2 h5 35. g4 hxg4 36. hxg4 Rh6 37. Nc7 Rh3 38. Ne6+ Ke7 39.
Nxg5 Rh2+ 40. Kc3 Kf6 41. f4 Rg2 42. Nh7+ Kg6 {Normal} 1/2-1/2